 Dungeon Crawl Stone Soup version 0.20-a0-1109-ge3cd172 (webtiles) character file.

2109 grindst0ne the Fighter (level 9, -2/62 HPs)
             Began as a Gargoyle Monk on May 5, 2017.
             Was an Elder of Ru.
             Slain by a killer bee (5 damage)
             ... on level 6 of the Dungeon.
             The game lasted 00:26:06 (7496 turns).

grindst0ne the Fighter (Gargoyle Monk)              Turns: 7496, Time: 00:26:06

Health: -2/62      AC: 17    Str: 18    XL:     9   Next: 28%
Magic:  9/9        EV:  6    Int: 11    God:    Ru [****..]
Gold:   350        SH:  0    Dex: 12    Spells: 8/8 levels left

rFire    . . .     SeeInvis .     - Unarmed
rCold    . . .     Gourm    .   (shield unavailable)
rNeg     + . .     Faith    .   o - +0 plate armour
rPois    ∞         Spirit   .   j - +0 helmet
rElec    +         Reflect  .   (no cloak)
rCorr    .         Harm     .   p - +0 pair of gloves
MR       +....                  (no boots)
Stlth    ..........             (no amulet)
Regen    0.2/turn               (ring unavailable)
MPRegen  0.2/turn               v - ring of protection from magic

@: about to teleport
A: negative energy resistance 1, electricity resistance, unbreathing,
petrification resistance, rot immunity, missing a hand, no air magic, no hexes
magic, no summoning magic, AC +5
a: Draw Out Power, Power Leap, Renounce Religion


You were on level 6 of the Dungeon.
You worshipped Ru.
Ru was greatly pleased with you.
You were not hungry.

You visited 1 branch of the dungeon, and saw 7 of its levels.
You also visited: Sewer.

You collected 350 gold pieces.

Inventory:

Hand Weapons
 D - a +2 dagger of venom
Armour
 a - a +0 robe
 e - a +0 leather armour
 j - a +0 helmet (worn)
 k - a +2 robe of magic resistance
 m - a +0 ring mail
 o - a +0 plate armour (worn)
 p - a +0 pair of gloves (worn)
Jewellery
 i - an uncursed ring of ice
 v - a ring of protection from magic (right hand)
Wands
 u - a wand of random effects (36/48)
Scrolls
 c - 6 scrolls of remove curse
 d - 2 scrolls of teleportation
 f - 10 scrolls of identify
 t - a scroll of amnesia
Potions
 l - a potion of flight
 r - 2 potions of brilliance
 s - 2 potions of resistance
 w - a potion of ambrosia
 A - 3 potions of curing
 C - 2 potions of heal wounds
Comestibles
 b - 4 bread rations
 g - 6 fruits
 h - 2 chunks of flesh
 n - 6 meat rations
 z - a royal jelly


   Skills:
 + Level 9.9 Fighting
 - Level 2.7 Dodging
 - Level 2.3 Stealth
 + Level 8.8 Unarmed Combat


You had 8 spell levels left.
You didn't know any spells.

Dungeon Overview and Level Annotations

Branches:
Dungeon (7/15)             Temple (0/1) D:6

Altars:
Hepliaklqana
Kikubaaqudgha
Makhleb
Nemelex Xobeh
Ru
Vehumet
Zin

Annotations:
D:7 Azzok's ghost, novice MiFi


Innate Abilities, Weirdness & Mutations

You are resistant to torment.
Your stone body is resilient. (AC +5)
You are immune to poison.
You resist negative energy. (rN+)
You are resistant to electric shocks. (rElec)
You can survive without breathing.
You are immune to petrification.
You are immune to rotting.
You are missing a hand.
You cannot study or cast Air magic.
You cannot study or cast Hexes magic.
You cannot study or cast Summoning magic.


Message History

The killer bee completely misses itself.
The killer bee barely misses you.
You hit the killer bee but do no damage.
The killer bee is moderately wounded.
The killer bee stings you but does no damage. x3
The killer bee closely misses you. The killer bee barely misses you.
The killer bee stings you but does no damage.
The killer bee stings you.
* * * LOW HITPOINT WARNING * * *
As you read the scroll of teleportation, it crumbles to dust.
You feel strangely unstable.
The killer bee stings you but does no damage.
The killer bee stings you.
* * * LOW HITPOINT WARNING * * *
The killer bee is stunned by your will and fails to attack.
The killer bee stings you but does no damage.
The killer bee stings you but does no damage.
The killer bee stings you.
You die...

>..................#.........#.#
........................>......#
...................#.........#.#
.#.........#.......#..⌠...⌠..#.#
...........##..................#
##.................#.........###
#.....##..##.....§§##.##.##.##
......##........§y§§#..).....##
....####........@y§§..........#
###.###.............##........#
.....#........................#
<....#........................#
.....#...............#.......##
.....................#....####
....................###...#
.....#................#...#
.....#......<.........#...#


You could see 2 killer bees.

Vanquished Creatures
  Prince Ribbit (D:6)
  A spriggan (D:7)
  Eustachio (D:4)
  Menkaure (D:4)
  Duvessa (D:4)
  An ice beast (D:5)
  2 ogres (D:6)
  A centaur (D:6)
  A big kobold (Sewer)
  3 bullfrogs (D:6)
  Dowan (D:4)
  A scorpion (D:4)
  A bullfrog zombie (D:5)
  3 crimson imps
  A hound (D:5)
  A jelly (D:6)
  A bullfrog skeleton (D:6)
  A centaur zombie (D:5)
  An orc priest (D:5)
  A centaur skeleton (D:6)
  An iguana (D:4)
  4 worker ants
  12 adders
  A howler monkey skeleton (D:4)
  A shadow imp (D:6)
  An ooze (D:6)
  2 adder skeletons
  6 worms
  2 dart slugs
  2 leopard geckos
  8 orcs
  8 bats
  A bat zombie (D:4)
  9 giant cockroaches
  11 goblins
  3 hobgoblins
  2 jackals
  3 ball pythons
  8 frilled lizards
  23 kobolds
  11 rats
  2 rat zombies (D:4)
146 creatures vanquished.

Vanquished Creatures (others)
  4 toadstools (D:1)
4 creatures vanquished.

Grand Total: 150 creatures vanquished

Notes
Turn   | Place    | Note
-------+----------+-------------------------------------------
     0 | D:1      | grindst0ne the Gargoyle Monk began the quest for the Orb.
     0 | D:1      | Reached XP level 1. HP: 14/14 MP: 1/1
   160 | D:1      | Reached XP level 2. HP: 12/19 MP: 2/2
   986 | D:2      | Reached XP level 3. HP: 23/23 MP: 3/3
  1274 | D:2      | Reached skill level 4 in Fighting
  1521 | D:2      | Reached XP level 4. HP: 29/29 MP: 4/4
  1932 | D:3      | Reached XP level 5. HP: 30/34 MP: 5/5
  2065 | D:3      | Reached skill level 5 in Fighting
  2249 | D:4      | Found a sparkling altar of Nemelex Xobeh.
  2578 | D:4      | Noticed Dowan
  2579 | D:4      | Noticed Duvessa
  2592 | D:4      | Killed Duvessa
  2592 | D:4      | Reached skill level 5 in Unarmed Combat
  2592 | D:4      | Reached XP level 6. HP: 35/41 MP: 6/6
  2605 | D:4      | Killed Dowan
  2605 | D:4      | Reached skill level 6 in Fighting
  2909 | D:4      | Found a sacrificial altar of Ru.
  2912 | D:4      | Became a worshipper of Ru the Awakened
  2990 | D:4      | Found an ancient bone altar of Kikubaaqudgha.
  3104 | D:4      | Noticed Eustachio
  3183 | D:4      | Killed Eustachio
  3183 | D:4      | Reached XP level 7. HP: 18/47 MP: 7/7
  3313 | D:4      | Gained mutation: You cannot study or cast Air magic. [Ru sacrifice]
  3313 | D:4      | Gained mutation: You cannot study or cast Hexes magic. [Ru sacrifice]
  3313 | D:4      | Gained mutation: You cannot study or cast Summoning magic. [Ru sacrifice]
  3313 | D:4      | Reached * piety under Ru
  3436 | D:4      | Noticed Menkaure
  3446 | D:4      | Killed Menkaure
  3446 | D:4      | Reached skill level 7 in Fighting
  3751 | D:5      | Entered Level 5 of the Dungeon
  3907 | D:5      | Found a hazy altar of Hepliaklqana.
  4028 | D:5      | Reached XP level 8. HP: 49/53 MP: 8/8
  4189 | D:5      | Found a glowing drain.
  4252 | Sewer    | Entered a sewer
  4402 | Sewer    | Reached skill level 8 in Fighting
  4881 | D:6      | Found Doetarid's Weapon Boutique.
  4931 | D:6      | Found a staircase to the Ecumenical Temple.
  5068 | D:6      | Noticed Prince Ribbit
  5369 | D:6      | Killed Prince Ribbit
  5695 | D:6      | Reached skill level 9 in Fighting
  5701 | D:6      | Found a radiant altar of Vehumet.
  5721 | D:6      | Found a burning altar of Makhleb.
  5722 | D:6      | Found a glowing silver altar of Zin.
  5722 | D:6      | Noticed an angel
  5723 | D:6      | Noticed a green death
  5797 | D:6      | Reached XP level 9. HP: 55/60 MP: 9/9
  5922 | D:7      | Noticed Azzok's ghost (novice MiFi)
  7451 | D:6      | Gained mutation: You are missing a hand. [Ru sacrifice]
  7451 | D:6      | Reached ** piety under Ru
  7451 | D:6      | Reached *** piety under Ru
  7451 | D:6      | Reached **** piety under Ru
  7495 | D:6      | HP: 3/62 [killer bee (1)]
  7496 | D:6      | Slain by a killer bee

Vault maps used:
D:1:      ldierk_walled_garden_2, minmay_misc_feat_roman
D:2:      minmay_diamond_boxcup
D:4:      nemelex_xobeh_ov_fountains_minmay, lemuel_zombie_altar_kikubaaqudgha,
          first_bread, hangedman_ru_absence, uniq_eustachio, uniq_menkaure,
          uniq_duvessa
D:5:      old_standard_altar, cheibrodos_sewer_entry_drain
D:6:      grunt_temple_overflow_order_and_chaos_2, vehumet_crystals,
          minmay_temple_entry_large_hall, serial_shops,
          nicolae_shop_temple_entry_statues_fountains, uniq_prince_ribbit1
D:7:      nicolae_tso_carved_into_rock, grunt_temple_overflow_diamond,
          the_bakery, minivault_5, glass_columns_a, kennysheep_small_spiral,
          okawaru_gym_becter, uniq_crazy_yiuf_cottage
Sewer:    kennysheep_pipe_town

Skill      XL: |  1  2  3  4  5  6  7  8 |
---------------+-------------------------+-----
Fighting       | 4 5 6 7 9 |  9.9
Unarmed Combat | 4 5 6 8 |  8.8
Dodging        | |  2.7
Stealth        | |  2.3

Action                   |  1- 3 |  4- 6 |  7- 9 || total
-------------------------+-------+-------+-------++-------
Melee: Unarmed           |   180 |   226 |   381 ||   787
       Punch             |       |     7 |    18 ||    25
       Dagger            |       |       |    16 ||    16
Invok: Sacrifice Arcana  |       |       |     1 ||     1
       Sacrifice a Hand  |       |       |     1 ||     1
Evoke: Wand              |       |       |     5 ||     5
  Use: Scroll            |       |    10 |    10 ||    20
       Potion            |       |     5 |     3 ||     8
 Stab: Sleeping          |     4 |     3 |     4 ||    11
       Distracted        |     1 |       |       ||     1
  Eat: Chunk             |     2 |     4 |     7 ||    13
       Bread ration      |       |       |     2 ||     2
Armor: Robe              |    29 |    32 |   117 ||   178
       Leather armour    |    64 |    47 |       ||   111
       Ring mail         |       |    15 |       ||    15
       Plate armour      |       |       |    73 ||    73
Dodge: Dodged            |   147 |   199 |   243 ||   589
